 Dungeon Crawl Stone Soup version 0.24-a0-250-g6074511 (webtiles) character file.

Game seed: 948427850939807734

1451 Inarius the Chopper (level 8, -7/66 HPs)
             Began as a Demigod Fighter on Apr 14, 2019.
             Mangled by an ogre
             ... wielding a +0 giant club
              (17 damage)
             ... on level 5 of the Dungeon.
             The game lasted 00:08:19 (4848 turns).

Inarius the Chopper (Demigod Fighter)               Turns: 4848, Time: 00:08:20

Health: -7/66      AC: 11    Str: 23    XL:     8   Next: 23%
Magic:  13/13      EV:  6    Int: 12    God:
Gold:   316        SH: 10    Dex: 15    Spells: 7/7 levels left

rFire    . . .     SeeInvis .   b - +1 short sword (elec)
rCold    . . .     Gourm    .   c - +0 shield
rNeg     + . .     Faith    .   p - +0 chain mail
rPois    .         Spirit   .   (no helmet)
rElec    .         Reflect  .   A - +1 cloak {+Inv}
rCorr    .         Harm     .   (no gloves)
MR       .....                  (no boots)
Stlth    ..........             e - amulet of rage
HPRegen  0.21/turn              n - ring of positive energy
MPRegen  0.13/turn              (no ring)

@: no status effects
A: high mp 1
a: Evoke Berserk Rage, Evoke Invisibility


You were on level 5 of the Dungeon.
You were not hungry.

You visited 1 branch of the dungeon, and saw 5 of its levels.
You also visited: Ossuary.

You collected 316 gold pieces.

Inventory:

Hand Weapons
 a - a +0 war axe
 b - a +1 short sword of electrocution (weapon)
Armour
 c - a +0 shield (worn)
 p - a +0 chain mail (worn)
 q - a +0 scale mail
 y - a +2 ring mail of positive energy
 A - a +1 cloak of invisibility (worn)
Jewellery
 e - an amulet of rage (around neck)
 n - a ring of positive energy (left hand)
Wands
 o - a wand of polymorph (7)
Scrolls
 d - a scroll of remove curse
 g - 3 scrolls of magic mapping
 h - a scroll of teleportation
 i - a scroll of blinking
 s - 2 scrolls of amnesia
 x - a scroll of identify {unknown}
Potions
 j - 2 potions of berserk rage {unknown}
 k - 3 potions of curing {unknown}
 l - 3 potions of degeneration {unknown}
 m - a potion of resistance {unknown}
 r - 3 potions of heal wounds {unknown}
 t - a potion of agility {unknown}
 u - a potion of invisibility {unknown}
 v - a potion of ambrosia {unknown}
 w - a potion of lignification {unknown}
Comestibles
 f - 4 rations
 z - 7 chunks of flesh


   Skills:
 + Level 3.9 Fighting
 * Level 7.7 Axes
 + Level 3.9 Armour
 + Level 1.5 Dodging
 - Level 0.1 Stealth
 + Level 3.8 Shields
 * Level 2.6 Evocations


You had 7 spell levels left.
You didn't know any spells.
Your spell library contained the following spells:

 Spells                   Type           Power        Failure   Level  Hunger
 Animate Skeleton         Necr           N/A          100%        1    ##.....
 Magic Dart               Conj           #...         100%        1    ##.....
 Pain                     Necr           #...         100%        1    ##.....
 Blink                    Tloc           N/A          100%        2    ###....
 Call Imp                 Summ           #.......     100%        2    ###....
 Slow                     Hex            #.......     100%        2    ###....
 Conjure Flame            Conj/Fire      #.......     100%        3    ####...
 Mephitic Cloud           Conj/Pois/Air  #.......     100%        3    ####...
 Regeneration             Chrm/Necr      #.........   100%        3    ####...
 Vampiric Draining        Necr           #.........   100%        3    ####...
 Animate Dead             Necr           N/A          100%        4    #####..


Dungeon Overview and Level Annotations

Branches:
Dungeon (5/15)             Temple (0/1) D:5


Innate Abilities, Weirdness & Mutations

You have an increased reservoir of magic. (+10% MP)


Message History

Found 18 stones.
Wield which item (- for none, * to show all)? (? for menu, Esc to quit)
You hear the crackle of electricity.
b - a +1 short sword of electrocution (weapon)
You see here a runed rapier.
You hit the ogre.
The ogre is lightly wounded.
You block the ogre's attack.
You puncture the ogre!
The ogre is heavily wounded.
The ogre hits you with a +0 giant club!!
Your shield and chain mail prevent you from hitting the ogre.
The ogre is heavily wounded.
The ogre hits you with a +0 giant club!
You hit the ogre.
The ogre is heavily wounded.
The ogre hits you with a +0 giant club!!
* * * LOW HITPOINT WARNING * * *
The ogre hits you with a +0 giant club!
You die...

.. #......###.##.#.# .....
######## #..#.#.# ......
##.#.#.#### ......##########
#......... ...............##
##.##.#### ................#
#)##.#
.............<.####..#'####
.........O.....##..........
#######.....@....##..........
#####...............###..........
....................# #..........
.....)..............# #..........
......>.............###..........
#####$.%###.........'............
........+.........#..^........(
#########.........#.#..........
#.........#.####....<..


You could see an ogre.

Vanquished Creatures
  Pikel (D:4)
  Eustachio (D:5)
  A centaur (D:5)
  3 water moccasin zombies (Ossuary)
  2 scorpions (D:4)
  A crimson imp (D:4)
  Crazy Yiuf (D:4)
  A centaur skeleton (D:3)
  2 hounds
  Jessica (D:2)
  Terence (D:3)
  Natasha (thrice) (D:2)
  2 mummies (Ossuary)
  A howler monkey zombie (D:5)
  3 adders
  A shadow imp (D:5)
  3 adder zombies (Ossuary)
  An ooze (D:1)
  An adder skeleton (D:4)
  3 worms
  2 dart slugs
  5 leopard geckos
  12 orcs
  3 bats
  3 giant cockroaches
  2 gnoll zombies (Ossuary)
  6 goblins
  7 hobgoblins
  8 jackals
  4 quokkas
  3 ball pythons
  6 frilled lizards
  8 hobgoblin zombies (Ossuary)
  A jackal skeleton (D:3)
  9 kobolds
  3 kobold zombies (Ossuary)
  7 orc zombies (Ossuary)
  5 rats
  A spectral orc (D:3)
128 creatures vanquished.

Vanquished Creatures (others)
  An adder (D:4)
  An ooze (D:4)
  A giant cockroach (D:4)
  A ball python (D:4)
4 creatures vanquished.

Grand Total: 132 creatures vanquished

Notes
Turn   | Place    | Note
-------+----------+-------------------------------------------
     0 | D:1      | Inarius the Demigod Fighter began the quest for the Orb.
     0 | D:1      | Reached XP level 1. HP: 18/18 MP: 3/3
   138 | D:1      | Reached XP level 2. HP: 22/26 MP: 4/4
   141 | D:1      | Reached skill level 2 in Axes
   576 | D:1      | Reached XP level 3. HP: 27/31 MP: 5/5
   963 | D:2      | Noticed Jessica
   963 | D:2      | Noticed Natasha
   968 | D:2      | Killed Natasha
   968 | D:2      | Reached skill level 3 in Axes
   971 | D:2      | Reached XP level 4. HP: 18/38 MP: 6/6
   972 | D:2      | Killed Jessica
  1271 | D:2      | Found a faded altar of an unknown god.
  1359 | D:2      | Noticed Natasha
  1371 | D:2      | Killed Natasha
  1539 | D:2      | Noticed Natasha
  1552 | D:2      | Killed Natasha
  1552 | D:2      | Reached skill level 4 in Axes
  1669 | D:3      | Reached XP level 5. HP: 41/45 MP: 7/7
  1936 | D:3      | Found an iron altar of Okawaru.
  2001 | D:3      | Noticed Terence
  2401 | D:3      | Found a glowing silver altar of Zin.
  2459 | D:3      | Found a basalt altar of Yredelemnul.
  2492 | D:3      | Killed Terence
  2892 | D:4      | Noticed Pikel
  2892 | D:4      | Noticed a slave
  2894 | D:4      | Noticed a slave
  2899 | D:4      | Killed Pikel
  2899 | D:4      | Reached skill level 6 in Axes
  2899 | D:4      | Reached skill level 1 in Dodging
  2899 | D:4      | Reached skill level 1 in Evocations
  2899 | D:4      | Reached XP level 6. HP: 51/51 MP: 8/10
  2899 | D:4      | Reached XP level 7. HP: 57/57 MP: 8/11
  2967 | D:4      | Found a sand-covered staircase.
  3004 | Ossuary  | Entered an ossuary
  3394 | D:4      | Found a snail-covered altar of Cheibriados.
  3437 | D:4      | Found a runed translucent door.
  3438 | D:4      | Noticed Crazy Yiuf
  3694 | D:4      | Found a shattered altar of Ashenzari.
  3724 | D:4      | Reached skill level 7 in Axes
  3966 | D:4      | Killed Crazy Yiuf
  4189 | D:5      | Entered Level 5 of the Dungeon
  4431 | D:4      | Reached XP level 8. HP: 41/66 MP: 12/12
  4593 | D:5      | Noticed Eustachio
  4642 | D:5      | Killed Eustachio
  4822 | D:5      | Found a staircase to the Ecumenical Temple.
  4848 | D:5      | Mangled by an ogre

Levels and vault maps discovered:
D:1:      eino_arrival_cavern_e, layout_basic, minmay_box_of_dots
D:2:      layout_basic, serial_forest, infiniplex_forest_lined_4_way,
          infiniplex_forest_clump_small, infiniplex_forest_end_1,
          infiniplex_forest_end_1, infiniplex_forest_clump_small,
          chequers_ecumenical_altar_simple_redux, minmay_misc_feat_nine_boxes,
          uniq_jessica, uniq_natasha
D:3:      layout_loops_cross, old_standard_altar,
          yredelemnul_forgotten_temple_becter, zin_academy,
          hangedman_decor_clover_reticule, kennysheep_nondescript, uniq_terence
D:4:      layout_loops_ring, ashenzari_conservatory_becter, cheibriados_altar_1,
          nicolae_ossuary_entry_monument, uniq_crazy_yiuf_cottage, uniq_pikel
D:5:      layout_basic, lightli_temple_of_fire, nemelex_altar_shiori,
          minmay_temple_entry_offerings, first_ration, uniq_eustachio
Ossuary:  ossuary_tomb_2

Skill      XL: |  1  2  3  4  5  6  7 |
---------------+----------------------+-----
Fighting       | 3 |  3.9
Axes           | 2 3 4 6 7 |  7.7
Shields        | 3 |  3.8
Armour         | 3 |  3.9
Dodging        | 1 |  1.5
Evocations     | 1 2 |  2.6
Stealth        | |  0.1

Action                   |  1- 3 |  4- 6 |  7- 9 || total
-------------------------+-------+-------+-------++-------
Melee: War axe           |   110 |   144 |   191 ||   445
       Short sword       |       |       |     4 ||     4
 Abil: Evoke Berserk Rag |       |     2 |       ||     2
Evoke: Wand              |       |       |     2 ||     2
  Use: Potion            |     1 |       |       ||     1
       Scroll            |       |     1 |     4 ||     5
  Eat: Chunk             |       |     8 |     8 ||    16
Armor: Scale mail        |    60 |    70 |    37 ||   167
       Chain mail        |       |       |    47 ||    47
Dodge: Dodged            |    40 |    39 |    56 ||   135
Block: Shield            |    60 |    80 |    85 ||   225

Table legend:
 A = Non-vault XP
 B = Vault XP
 C = Vault XP percentage of total XP
 D = Non-vault monster count
 E = Vault monster count
 F = Vault count percentage of total count
                 A         B        C        D         E       F
            +---------+---------+-------+---------+---------+-------
      Total |     735 |    1338 |  64.5 |      89 |      39 |  30.5
            +---------+---------+-------+---------+---------+-------
        D:1 |      43 |       6 |  12.2 |      21 |       4 |  16.0
        D:2 |     108 |      72 |  40.0 |      14 |       2 |  12.5
        D:3 |     166 |      37 |  18.2 |      32 |       2 |   5.9
        D:4 |     253 |     714 |  73.8 |      12 |       2 |  14.3
        D:5 |     165 |     202 |  55.0 |      10 |       1 |   9.1
    Ossuary |       0 |     307 | 100.0 |       0 |      28 | 100.0
            +---------+---------+-------+---------+---------+-------
